 Dungeon Crawl Stone Soup version 0.18-b1-22-ge198996 (webtiles) character file.

2051 Zhenya25pyc the Cudgeler (level 9, -4/56 HPs)
             Began as a Gargoyle Fighter on May 3, 2016.
             Was a Priest of Okawaru.
             Slain by a troll (9 damage)
             ... on level 7 of the Dungeon.
             The game lasted 00:11:41 (5329 turns).

Zhenya25pyc the Cudgeler (Gargoyle Fighter)         Turns: 5329, Time: 00:11:42

Health: -4/56      AC: 20    Str: 21    XL:     9   Next: 25%
Magic:  9/9        EV:  8    Int: 10    God:    Okawaru [***...]
Gold:   360        SH: 10    Dex: 10    Spells: 0 memorised, 8 levels left

rFire  . . .     SeeInvis .     a - +0 flail
rCold  + . .     Gourm    .     b - +0 scale mail
rNeg   + . .     Faith    .     c - +0 shield
rPois  ∞         Spirit   .     F - +1 helmet
rElec  +         Dismiss  +     D - +0 cloak
rCorr  .         Reflect  .     B - +0 pair of gloves (curse)
SustAt .         Harm     .     y - +1 pair of boots
MR     .....                    k - amulet of dismissal
Stlth  ..........               (no ring)
                                t - ring of protection from cold

@: not resistant to hostile enchantments, extremely unstealthy
A: negative energy resistance 1, electricity resistance, unbreathing,
petrification resistance, rot immunity, AC +5
a: Heroism, Renounce Religion


You were on level 7 of the Dungeon.
You worshipped Okawaru.
Okawaru was most pleased with you.
You were very hungry.

You visited 2 branches of the dungeon, and saw 8 of its levels.
You also visited: Ossuary.

You collected 477 gold pieces.
You spent 117 gold pieces at shops.

Inventory:

Hand Weapons
 a - a +0 flail (weapon)
Armour
 b - a +0 scale mail (worn)
 c - a +0 shield (worn)
 y - a +1 pair of boots (worn)
 B - a cursed +0 pair of gloves (worn)
 D - a +0 cloak (worn)
 F - a +1 helmet (worn)
Jewellery
 k - an amulet of dismissal (around neck)
 t - a ring of protection from cold (left hand)
Wands
 x - a wand of flame (15/48)
 G - a wand of iceblast (5/15)
 J - a wand of disintegration (0/24)
 O - a wand of lightning (6/15)
Scrolls
 e - 4 scrolls of recharging {unknown}
 g - 4 scrolls of identify {unknown}
 h - a scroll of enchant armour {unknown}
 l - 3 scrolls of random uselessness {unknown}
 n - 3 scrolls of magic mapping {unknown}
 r - 4 scrolls of remove curse {unknown}
 v - 3 scrolls of teleportation {unknown}
 w - a scroll of enchant weapon {unknown}
 C - 2 scrolls of immolation {unknown}
 K - a scroll of fear {unknown}
 L - a scroll of amnesia {unknown}
Potions
 d - 5 potions of might
 i - 3 potions of heal wounds {unknown}
 m - a potion of degeneration {unknown}
 o - a potion of agility {unknown}
 p - 2 potions of ambrosia {unknown}
 s - 3 potions of curing {unknown}
 z - 2 potions of berserk rage {unknown}
 A - a potion of brilliance {unknown}
 E - 2 potions of invisibility {unknown}
 H - a potion of flight {unknown}
 M - a potion of lignification {unknown}
 N - a potion of mutation {unknown}
Comestibles
 f - 7 bread rations
 j - 4 fruits
 q - 3 meat rations
 u - 2 beef jerkies
 I - a slice of pizza
 P - a royal jelly


   Skills:
 + Level 6.7 Fighting
 * Level 7.5 Maces & Flails
 + Level 6.7 Armour
 + Level 6.9 Shields


You had 8 spell levels left.
You didn't know any spells.

Dungeon Overview and Level Annotations

Branches:
Dungeon (7/15)             Temple (1/1) D:4

Altars:
Ashenzari
Elyvilon
Gozag
Makhleb
Nemelex Xobeh
Okawaru
Pakellas
Qazlal
Ru
Sif Muna
Trog
Vehumet
Yredelemnul
Zin
The Shining One

Shops:
D:5 *


Innate Abilities, Weirdness & Mutations

You are resistant to torment.
Your stone body is resilient (AC +5).
You are immune to poison.
You resist negative energy.
You are resistant to electric shocks.
You can survive without breathing.
You are immune to petrification.
You are immune to rotting.


Message History

You are too injured to fight recklessly!
You are too injured to fight recklessly!
You are too injured to fight recklessly!
You are too injured to fight recklessly!
You closely miss the troll.
The troll is heavily wounded.
The troll closely misses you. You block the troll's attack. x2
You hit the troll.
The troll is severely wounded.
The troll bites you but does no damage. You block the troll's attack.
The troll claws you but does no damage.
You hit the troll but do no damage.
The troll is heavily wounded.
The troll bites you!
* * * LOW HITPOINT WARNING * * *
The troll claws you but does no damage. x2
You thump the troll!
The troll is almost dead.
The troll bites you!
You die...

#......# #.......###.
#.###..# #....<...##.
#.###..# #........##.
#.##...# #####.##.##.
#.##.#.# #...)...
#.##.#.# #........>.
#......# #.###...##.
####.### #...... #@#
.....##.
......T....?..?#.#..###.
#####...####........ #.
#...# ...... . .!...
...... #...... ###...##


You could see a troll.

Vanquished Creatures
  The ghost of no0bjke the Covert, a novice SpAs of Dithmenos (D:6)
  A wraith (Ossuary)
  An ogre (D:6)
  A necrophage (D:5)
  3 centaurs (D:6)
  3 big kobolds (D:6)
  2 giant frogs
  A gnoll sergeant (D:6)
  A scorpion (D:5)
  A crimson imp (D:6)
  2 giant frog skeletons
  3 hounds
  3 gnoll shamans (D:6)
  An iguana (D:6)
  2 orc wizards
  5 worker ants
  A mummy (Ossuary)
  8 gnolls (D:6)
  5 adders
  A howler monkey skeleton (D:4)
  2 adder skeletons
  A worm (D:3)
  2 dart slugs
  3 giant geckos
  13 orcs
  7 bats
  4 giant cockroaches
  A gnoll zombie (D:6)
  8 goblins
  12 hobgoblins
  3 jackals (D:6)
  5 quokkas
  A ball python (D:1)
  A giant cockroach zombie (D:5)
  A giant gecko skeleton (D:5)
  A giant newt (D:4)
  9 gnoll skeletons (Ossuary)
  14 kobolds
  4 kobold skeletons (Ossuary)
  12 orc skeletons (Ossuary)
  3 rats
  A plant (D:6)
154 creatures vanquished.

Notes
Turn   | Place    | Note
--------------------------------------------------------------
     0 | D:1      | Zhenya25pyc the Gargoyle Fighter began the quest for the Orb.
     0 | D:1      | Reached XP level 1. HP: 14/14 MP: 1/1
   249 | D:1      | Reached XP level 2. HP: 15/19 MP: 2/2
   587 | D:2      | Reached XP level 3. HP: 23/23 MP: 3/3
  1385 | D:3      | Reached XP level 4. HP: 18/29 MP: 4/4
  1521 | D:3      | Found a basalt altar of Yredelemnul.
  1631 | D:3      | Reached skill level 3 in Maces & Flails
  1891 | D:4      | Found a staircase to the Ecumenical Temple.
  2004 | Temple   | Entered the Ecumenical Temple
  2270 | Temple   | Became a worshipper of Warmaster Okawaru
  2539 | D:4      | Reached XP level 5. HP: 31/33 MP: 5/5
  2593 | D:4      | Found a burning altar of Makhleb.
  2862 | D:4      | Found a bloodstained altar of Trog.
  2940 | D:5      | Entered Level 5 of the Dungeon
  2963 | D:5      | Reached XP level 6. HP: 38/38 MP: 6/6
  2964 | D:5      | Noticed a necrophage
  2983 | D:5      | Killed a necrophage
  2983 | D:5      | Reached skill level 4 in Maces & Flails
  3050 | D:5      | Found Vaamaur's Assorted Antiques.
  3057 | D:5      | Bought a pair of gloves for 117 gold pieces
  3169 | D:5      | Reached * piety under Okawaru
  3331 | D:5      | Reached skill level 5 in Shields
  3377 | D:5      | Reached XP level 7. HP: 39/44 MP: 7/7
  3667 | D:6      | Reached skill level 5 in Maces & Flails
  3667 | D:6      | Reached skill level 5 in Armour
  3726 | D:6      | Reached ** piety under Okawaru
  3726 | D:6      | Reached skill level 5 in Fighting
  3776 | D:6      | Found a sand-covered staircase.
  3793 | Ossuary  | Entered an ossuary
  3793 | Ossuary  | Noticed a wraith
  3793 | Ossuary  | Noticed a wraith
  3793 | Ossuary  | Noticed a wraith
  3885 | Ossuary  | Noticed a wraith
  3912 | Ossuary  | Killed a wraith
  3912 | Ossuary  | Reached XP level 8. HP: 34/49 MP: 8/8
  4254 | D:6      | Reached skill level 6 in Maces & Flails
  4414 | D:6      | Reached *** piety under Okawaru
  4495 | D:6      | Noticed no0bjke's ghost (novice SpAs)
  4550 | D:6      | Killed no0bjke's ghost
  4550 | D:6      | Reached skill level 7 in Maces & Flails
  4550 | D:6      | Reached XP level 9. HP: 38/56 MP: 9/9
  5182 | D:7      | Noticed a troll
  5329 | D:7      | Slain by a troll

Skill      XL: |  1  2  3  4  5  6  7  8 |
---------------+-------------------------+-----
Shields        | 4 5 6 |  6.9
Maces & Flails | 3 4 5 7 |  7.5
Fighting       | 4 5 6 |  6.7
Armour         | 4 5 6 |  6.7

Action                   |  1- 3 |  4- 6 |  7- 9 || total
-------------------------+-------+-------+-------++-------
Melee: Flail             |   156 |   242 |   436 ||   834
Evoke: Wand              |       |       |     4 ||     4
  Eat: Chunk             |     2 |     7 |     6 ||    15
Armor: Scale mail        |    97 |   134 |   340 ||   571
Dodge: Dodged            |    46 |    62 |   150 ||   258
Block: Shield            |    84 |   125 |   311 ||   520
